 Dungeon Crawl Stone Soup version 0.31-a0-200-gbc41564c69 (webtiles) character file.

Game seed: 12957210616480964672

37 qw the Shooter (level 3, 0/20 HPs)
             Began as a Deep Elf Hunter on June 25, 2023.
             Succumbed to their own poison gas
             ... on level 1 of the Dungeon.
             The game lasted 00:00:17 (705 turns).

qw the Shooter (Deep Elf Hunter)                     Turns: 705, Time: 00:00:18

Health: 0/20       AC:  5    Str: 10    XL:     3   Next: 21%
Magic:  5/5        EV: 11    Int: 13    God:
Gold:   153        SH:  0    Dex: 18    Spells: 2/2 levels left

rFire   . . .        Y - +0 shortbow
rCold   . . .        (shield currently unavailable)
rNeg    . . .        f - +0 ring mail
rPois   .            (no helmet)
rElec   .            (no cloak)
rCorr   .            (no gloves)
SInv    .            (no boots)
Will    .....        (no amulet)
Stlth   +            (no ring)
HPRegen 0.23/turn    (no ring)
MPRegen 0.09/turn

%: no passive effects
@: lethally poisoned (0 -> -1)
A: no striking features
a: no special abilities


You were on level 1 of the Dungeon.
You visited 1 branch of the dungeon, and saw 1 of its levels.

You collected 153 gold pieces.


   Skills:
 - Level 1.5 Fighting
 + Level 6.8 Ranged Weapons
 - Level 2.4 Dodging
 - Level 1.2 Stealth


You had 2 spell levels left.
You didn't know any spells.
Your spell library was empty.

Inventory:

Hand Weapons
 Y - a +0 shortbow (weapon)
Armour
 f - a +0 ring mail (worn)
Potions
 d - a potion of resistance {unknown}

Dungeon Overview and Level Annotations

Branches:
Dungeon (1/15)

Altars:


Message History

Enter note:
Enter note:
Enter note:
Enter note:
Enter note:
Enter note:
Enter note:
Enter note:
Enter note:
Enter note:
Enter note:
Enter note:
Enter note:
Enter note:
Enter note:
Enter note:
Enter note: Really walk into that cloud of poison gas?
You are engulfed in poison gas.
You are poisoned.
You feel very sick.
697 ||| Stepping ~*~*~tactically~*~*~ (cloud).
You feel very sick.
Things that are here:
a scroll of butterflies; a +0 leather armour
There is a lethal amount of poison in your body!
You feel sick.
There is a lethal amount of poison in your body!
You feel sick.
There is a lethal amount of poison in your body!
You feel sick.
There is a lethal amount of poison in your body!
You feel sick.
There is a lethal amount of poison in your body!
You feel sick.
There is a lethal amount of poison in your body!
You feel sick.
There is a lethal amount of poison in your body!
You feel sick.
There is a lethal amount of poison in your body!
You die...

#.......#......###....
#0¤0.¤0##0¤.¤.........
#.0¤¤00¤..¤¤¤.........
#¤0¤0¤¤.¤00¤0.....%...
#0000¤¤0¤0000........#
##¤0.00.00¤0¤........#
#.0.0¤..0¤00........#
#¤0..0..¤0¤¤........#
#¤0¤@0¤¤0.¤.........#
#¤¤.¤00¤¤00¤.....####
##000#######..[..#
#¤00# #.....# #¤0.#
####### #.0¤# #####


There were no monsters in sight!

Vanquished Creatures
  4 dart slugs (D:1)
  A ball python (D:1)
  3 endoplasms (D:1)
  2 giant cockroaches (D:1)
  4 goblins (D:1)
  5 hobgoblins (D:1)
  A quokka (D:1)
  4 bats (D:1)
24 creatures vanquished.

Notes
Turn   | Place    | Note
-------+----------+-------------------------------------------
     0 | D:1      | qw the Deep Elf Hunter began the quest for the Orb.
     0 | D:1      | Reached XP level 1. HP: 12/12 MP: 3/3
     0 | D:1      | 0 ||| qw: Version: 0.3-a-22-g0ed2b0b
     0 | D:1      | 0 ||| qw: Game counter: 5639
     0 | D:1      | 0 ||| qw: Melee chars always use a shield: true
     0 | D:1      | 0 ||| qw: God list: Okawaru
     0 | D:1      | 0 ||| qw: Allow faded altars: false
     0 | D:1      | 0 ||| qw: Do Orc after clearing Dungeon:15 true
     0 | D:1      | 0 ||| qw: Do second Lair branch before Depths: true
     0 | D:1      | 0 ||| qw: Lair rune preference: random
     0 | D:1      | 0 ||| qw: Goals: Normal
     0 | D:1      | 0 ||| PLANNING D:1-11
   101 | D:1      | Reached XP level 2. HP: 16/16 MP: 4/4
   105 | D:1      | Reached skill level 6 in Ranged Weapons
   283 | D:1      | Reached XP level 3. HP: 20/20 MP: 5/5
   682 | D:1      | 682 ||| UPGRADING to +0 ring mail.
   692 | D:1      | 692 ||| DROPPING +0 leather armour.
   693 | D:1      | 693 ||| READING scroll labelled DOKHLONN ZOOGAR.
   694 | D:1      | 694 ||| READING scroll labelled KOWKYA KOERA.
   695 | D:1      | 695 ||| DROPPING scroll of butterflies.
   697 | D:1      | 697 ||| Stepping ~*~*~tactically~*~*~ (cloud).
   700 | D:1      | HP: 4/20 [poisoned by you (poison gas)]
   704 | D:1      | HP: 1/20 [poisoned by you (poison gas)]
   705 | D:1      | Succumbed to their own poison gas

Levels and vault maps discovered:
D:1:      dpeg_arrival_rhombi, layout_basic

Skill      XL: |  1  2 |
---------------+-------+-----
Ranged Weapons | 6 |  6.8
Fighting       | |  1.5
Dodging        | |  2.4
Stealth        | |  1.2

Action                     || total
---------------------------++-------
   Fire: Shortbow          ||    57
    Use: Scroll            ||     2
 Armour: Leather armour    ||     2
  Dodge: Dodged            ||    10

Table legend:
 A = Non-vault XP
 B = Vault XP
 C = Vault XP percentage of total XP
 D = Non-vault monster count
 E = Vault monster count
 F = Vault count percentage of total count
                 A         B        C        D         E       F
            +---------+---------+-------+---------+---------+-------
      Total |      53 |       0 |   0.0 |      24 |       0 |   0.0
            +---------+---------+-------+---------+---------+-------
        D:1 |      53 |       0 |   0.0 |      24 |       0 |   0.0
            +---------+---------+-------+---------+---------+-------
